 Dungeon Crawl Stone Soup version 0.21-a0-442-g848f44b (webtiles) character file.

149 KristoblXynda the Slasher (level 5, -4/45 HPs)
             Began as a Draconian Fighter on Nov 15, 2017.
             Killed by divine providence
             ... invoked by an orc priest
              (14 damage)
             ... on level 3 of the Dungeon.
             The game lasted 00:03:45 (2087 turns).

KristoblXynda the Slasher (Draconian Fighter)       Turns: 2087, Time: 00:03:45

Health: -4/45      AC:  6    Str: 18    XL:     5   Next: 9%
Magic:  5/5        EV: 10    Int:  9    God:
Gold:   126        SH:  9    Dex: 11    Spells: 4/4 levels left

rFire    . . .     SeeInvis .   o - +1 dagger (venom)
rCold    . . .     Gourm    .   b - +0 shield
rNeg     . . .     Faith    .   (armour unavailable)
rPois    .         Spirit   .   (helmet restricted)
rElec    .         Reflect  .   n - +0 cloak
rCorr    .         Harm     .   (no gloves)
MR       .....                  (no boots)
Stlth    +.........             (no amulet)
HPRegen  0.15/turn              (no ring)
MPRegen  0.09/turn              (no ring)

@: no status effects
A: unfitting armour, cold-blooded, AC +5
a: no special abilities


You were on level 3 of the Dungeon.
You were not hungry.

You visited 1 branch of the dungeon, and saw 3 of its levels.

You collected 126 gold pieces.

Inventory:

Hand Weapons
 a - a +0 long sword
 o - a +1 dagger of venom (weapon)
Armour
 b - a +0 shield (worn)
 n - a +0 cloak (worn)
Scrolls
 f - a scroll of recharging {unknown}
 g - a scroll of noise {unknown}
 h - 2 scrolls of teleportation {unknown}
 j - a scroll of magic mapping {unknown}
Potions
 c - a potion of might
 i - a potion of degeneration {unknown}
 k - a potion of flight {unknown}
Comestibles
 d - 5 bread rations
 l - 2 fruits
 m - a royal jelly


   Skills:
 - Level 3.2 Fighting
 * Level 4.5 Long Blades
 - Level 2.6 Dodging
 + Level 4.1 Shields


You had 4 spell levels left.
You didn't know any spells.

Dungeon Overview and Level Annotations

Branches:
Dungeon (3/15)

Altars:
Gozag
The Shining One


Innate Abilities, Weirdness & Mutations

Your plain brown scales are hard. (AC +5)
You cannot fit into any form of body armour.
You are cold-blooded and may be slowed by cold attacks.


Message History

You hit the orc.
You kill the orc! x2
The orc priest mumbles some strange prayers to Beogh against you.
Pain shoots through your body!
* * * LOW HITPOINT WARNING * * *
Unknown command.
You hit the orc but do no damage.
The orc is poisoned.
The orc barely misses you.
You hit the orc priest but do no damage.
The orc priest is poisoned.
The orc priest hits you with a short sword.
* * * LOW HITPOINT WARNING * * *
The orc misses you.
The orc priest calls upon Beogh to heal the orc.
The orc's wounds heal themselves!
The orc priest calls upon Beogh to heal the orc.
The orc's wounds heal themselves!
The orc priest mumbles some strange prayers to Beogh against you.
Beogh smites you!
You die...

#.. .. #.# ..##. #.#
#..##.#####
#.###..##.....#
.......##.....#
#.##.........)# #
#.##..###.....# #.
#.##..###.....#
.##@o.......#.###
.......###o.###....##
####.#.
##..........####
###.#.##...............
......o#)$####.....####
.#....# ##........
.........## #########
########## ##8##


You could see an orc priest and an orc.

Vanquished Creatures
  Crazy Yiuf (D:2)
  An adder (D:3)
  4 gnolls (D:2)
  2 dart slugs
  2 leopard geckos
  5 orcs (D:3)
  4 giant cockroaches
  3 goblins
  8 hobgoblins
  8 jackals
  7 kobolds
  5 bats (D:1)
  6 frilled lizards
  6 rats
62 creatures vanquished.

Notes
Turn   | Place    | Note
-------+----------+-------------------------------------------
     0 | D:1      | KristoblXynda the Draconian Fighter began the quest for the Orb.
     0 | D:1      | Reached XP level 1. HP: 19/19 MP: 1/1
    88 | D:1      | Reached XP level 2. HP: 14/26 MP: 2/2
   402 | D:1      | Reached XP level 3. HP: 31/31 MP: 3/3
  1424 | D:2      | Reached XP level 4. HP: 36/38 MP: 4/4
  1682 | D:2      | Found a runed door.
  1911 | D:2      | Noticed Crazy Yiuf
  1917 | D:2      | Killed Crazy Yiuf
  2057 | D:3      | Found a glowing golden altar of the Shining One.
  2060 | D:3      | Found an opulent altar of Gozag.
  2067 | D:3      | Reached XP level 5. HP: 28/45 MP: 5/5
  2087 | D:3      | Killed from afar by an orc priest

Vault maps used:
D:1:      dpeg_arrival_rooms_a
D:2:      uniq_crazy_yiuf_cottage
D:3:      nicolae_overflow_hidden_temple, minivault_14, uniq_robin

Skill      XL: |  1  2  3  4 |
---------------+-------------+-----
Long Blades    | 3 4 |  4.5
Shields        | 4 |  4.1
Fighting       | |  3.2
Dodging        | |  2.6

Action                   |  1- 3 |  4- 6 || total
-------------------------+-------+-------++-------
Melee: Long sword        |   116 |    32 ||   148
       Tailslap          |    12 |     2 ||    14
       Dagger            |       |     8 ||     8
  Use: Potion            |     1 |     1 ||     2
 Stab: Sleeping          |     1 |       ||     1
  Eat: Chunk             |     2 |     2 ||     4
Armor: Skin              |    32 |    11 ||    43
Dodge: Dodged            |    49 |    18 ||    67
Block: Shield            |    45 |    18 ||    63
       Rpst.: Long sword |    18 |     2 ||    20

Table legend:
 A = Spawn XP
 B = Non-spawn XP
 C = Spawn XP percentage of total XP
 D = Spawn monster count
 E = Non-spawn monster count
 F = Spawn count percentage of total count
 G = Total turns spent on level
                    A         B        C        D         E        F      G
               +---------+---------+-------+---------+---------+-------+---------
         Total |       0 |     214 |   0.0 |       0 |      62 |   0.0 |  2087
               +---------+---------+-------+---------+---------+-------+---------
           D:1 |       0 |      51 |   0.0 |       0 |      29 |   0.0 |   659
           D:2 |       0 |     132 |   0.0 |       0 |      26 |   0.0 |  1376
           D:3 |       0 |      31 |   0.0 |       0 |       7 |   0.0 |    52
               +---------+---------+-------+---------+---------+-------+---------
